AoeStats
← Morphman

Arabia

507617038Analyzed
3v3 RM · 12d ago on Sep 19, 2026· 53m 9s· 6 players
Game mode
Random Map
Map size
Normal (6 player)
Population
200
Speed
Normal
Resources
Standard
Victory
Conquest
Starting age
Dark Age
Ending age
Imperial Age
RankedLock teamsTeams togetherTeam positionsShared explorationLock speedFull tech treeHidden civsTurbo modeCheats
Victory
Defeat
🇲🇽 Mongols · Mexico
991
+14
🇲🇽 Jurchens · Mexico
954
+16
🇲🇽 Romans · Mexico
944
+16
🇯🇵 Poles · Japan
1029
-18
🇩🇪 Bulgarians · Germany
997
-17
🇫🇷 Lithuanians · France
837
-31
irish09
7:21 Loom
10:26 Feudal Age
10:55 Double-Bit Axe
13:07 Fletching
22:56 Man-at-Arms
26:07 Castle Age
26:28 Scale Mail Armor
26:51 Bodkin Arrow
28:03 Guard Tower
33:06 Stone Mining
33:43 Chain Mail Armor
36:03 Long Swordsman
36:46 Squires
37:01 Forging
38:36 Horse Collar
46:13 Imperial Age
44:44 Arson
44:50 Arson
45:47 Scale Barding Armor
47:01 Wheelbarrow
46:42 Bow Saw
46:34 Heavy Plow
46:11 Light Cavalry
47:01 Bloodlines
46:52 Husbandry
47:10 Winged Hussar
47:52 Husbandry
48:19 Chain Barding Armor
Morphman
8:26 Loom
12:17 Feudal Age
12:56 Arson
14:21 Scale Mail Armor
21:01 Forging
21:41 Double-Bit Axe
24:07 Horse Collar
27:45 Castle Age
25:38 Fletching
29:00 Bloodlines
28:31 Light Cavalry
29:14 Husbandry
29:22 Scale Barding Armor
29:18 Bodkin Arrow
30:03 Scale Barding Armor
33:23 Iron Casting
33:29 Wheelbarrow
37:01 Chain Barding Armor
38:02 Chain Mail Armor
41:02 Gambesons
41:18 Squires
44:42 Imperial Age
47:21 Plate Mail Armor
47:16 Conscription
48:23 Bagains
50:27 Blast Furnace
50:42 Bracer
52:43 Hand Cart
YoumuKonpaku
1:43 Loom
10:46 Feudal Age
12:07 Wheelbarrow
15:24 Horse Collar
20:57 Forging
20:43 Fletching
27:09 Castle Age
28:08 Hand Cart
30:39 Bloodlines
32:43 Heavy Plow
37:03 Gold Mining
37:05 Stone Mining
Spartak_2406
4:55 Loom
9:41 Feudal Age
19:38 Castle Age
29:10 Crossbowman
35:44 Stone Mining
43:23 Fletching
47:16 Bodkin Arrow
47:44 Gold Mining
48:16 Padded Archer Armor
52:08 Wheelbarrow
chuytoor
7:23 Loom
10:34 Feudal Age
13:18 Man-at-Arms
26:07 Castle Age
24:48 Horse Collar
24:55 Double-Bit Axe
25:05 Gold Mining
39:55 Stone Mining
40:17 Gambesons
40:32 Squires
40:18 Arson
45:15 Imperial Age
45:06 Wheelbarrow
44:17 Town Watch
45:11 Gold Shaft Mining
45:11 Stone Shaft Mining
46:53 Conscription
46:55 Heavy Plow
47:26 Elite Fire Lancer
49:46 Hand Cart
50:49 Bow Saw
ismaelsaloro
6:55 Loom
11:41 Feudal Age
12:05 Horse Collar
12:27 Double-Bit Axe
21:26 Castle Age
18:53 Man-at-Arms
20:26 Forging
21:30 Long Swordsman
23:26 Iron Casting
25:50 Bow Saw
26:45 Heavy Plow
28:59 Ballistics
29:57 Gold Mining
30:05 Stone Mining
34:55 Imperial Age
32:38 Pikeman
34:33 Wheelbarrow
34:30 Ballistas
37:05 Chemistry
38:41 Gold Shaft Mining
42:14 Legionary
44:08 Heavy Scorpion
48:17 Blast Furnace
47:19 Scale Mail Armor
47:09 Fletching
47:20 Padded Archer Armor
Connection lost

Rejoining the realm…

Still unreachable

The connection could not be restored.

Session expired

The server has moved on; the page needs a fresh start.